 Dungeon Crawl Stone Soup version 0.23-a0-78-gc252fe1 (webtiles) character file.

3 Amnesiac the Caller (level 1, -2/13 HPs)
             Began as a Mummy Summoner on Aug 10, 2018.
             Slain by a kobold
             ... wielding a +0 short sword
              (3 damage)
             ... on level 1 of the Dungeon.
             The game lasted 00:00:31 (53 turns).

Amnesiac the Caller (Mummy Summoner)                  Turns: 53, Time: 00:00:32

Health: -2/13      AC:  2    Str: 11    XL:     1   Next: 41%
Magic:  0/4        EV: 12    Int: 14    God:
Gold:   0          SH:  0    Dex: 12    Spells: 5/6 levels left

rFire    x . .     SeeInvis .   (no weapon)
rCold    + . .     Gourm    .   (no shield)
rNeg     + + +     Faith    .   a - +0 robe
rPois    ∞         Spirit   .   (no helmet)
rElec    .         Reflect  .   (no cloak)
rCorr    .         Harm     .   (no gloves)
MR       .....                  (no boots)
Stlth    ++........             (no amulet)
HPRegen  0.04/turn              (no ring)
MPRegen  0.09/turn              (no ring)

@: no status effects
A: no food or potions, fire vulnerability, cold resistance 1, negative energy
resistance 3, torment resistance, unbreathing
a: no special abilities


You were on level 1 of the Dungeon.
You were not hungry.

You visited 1 branch of the dungeon, and saw 1 of its levels.

Inventory:

Armour
 a - a +0 robe (worn)


   Skills:
 - Level 1.5 Dodging
 - Level 1.5 Stealth
 + Level 3.1 Spellcasting
 * Level 3.2 Summonings


You had 5 spell levels left.
You knew the following spells:

 Your Spells              Type           Power        Failure   Level  Hunger
a - Summon Small Mammal   Summ           ##..         5%          1    N/A

Your spell library contained the following spells:

 Spells                   Type           Power        Failure   Level  Hunger
 Summon Ice Beast         Ice/Summ       #.......     73%         4    N/A
 Call Imp                 Summ           ##......     9%          2    N/A
 Call Canine Familiar     Summ           ##......     17%         3    N/A
 Summon Lightning Spire   Summ/Air       #.......     73%         4    N/A
 Summon Guardian Golem    Hex/Summ       #.......     32%         3    N/A

Dungeon Overview and Level Annotations

Branches:
Dungeon (1/15)

Altars:


Innate Abilities, Weirdness & Mutations

You do not eat or drink.
Your flesh is vulnerable to fire.
You are immune to poison.
Your flesh is cold resistant. (rC+)
You are immune to negative energy. (rN+++)
You are immune to unholy pain and torment.
You can survive without breathing.


Message History

Your rat dies!
Your rat's corpse disappears in a puff of smoke!
The goblin hits you.
* * * LOW HITPOINT WARNING * * *
Firing (i - inventory) No suitable missiles.
Press: ? - help, Shift-Dir - straight line, f - goblin
Aim: a goblin (moderately wounded)
Okay, then.
You swap places.
The goblin barely misses your rat.
Found a club. (m)acro, (M)acro raw, keymap [(k) default, (x) level-map, (t)argeting, (c)onfirm, m(e)nu], (s)ave?
Input macro trigger key: \{-1015} Current Action: zaf Do you wish to (r)edefine, (c)lear, or (a)bort?
Input macro action: za Created macro '\{-1015}' => 'za'. (m)acro, (M)acro raw, keymap [(k) default, (x) level-map, (t)argeting, (c)onfirm, m(e)nu], (s)ave?
Saving macros.
The goblin barely misses your rat. The goblin barely misses you.
The giant cockroach bites your bat. The goblin barely misses your rat.
The goblin dies!
Found 25 sling bullets.
The goblin barely misses your rat.
The goblin dies!
Your Spellcasting skill increases to level 3!
The goblin barely misses you. The bat misses your bat.
The goblin hits your rat with a dagger. The bat closely misses your bat.
The giant cockroach bites your bat but does no damage.
The bat hits your bat. Something hits your rat.
Your rat dies!
Your rat's corpse disappears in a puff of smoke!
The bat hits your bat. x2
Your bat dies!
Your bat's corpse disappears in a puff of smoke!
Found a stone staircase leading down.
The bat hits you.
* * * LOW HITPOINT WARNING * * *
The bat hits you but does no damage.
Casting: Summon Small Mammal (safe; 5% risk of failure)
Confirm with . or Enter, or press ? or * to list all spells.
The bat closely misses you. The bat barely misses your rat.
The goblin closely misses you. The bat hits your rat.
Your rat dies!
Your rat's corpse disappears in a puff of smoke!
The bat closely misses you. The bat hits you but does no damage.
The bat hits you.
* * * LOW HITPOINT WARNING * * *
The bat misses you. The bat barely misses you.
You hit the bat.
You kill the bat!
Training target 3.1 for Spellcasting reached!
You need to enable at least one skill for training.
The goblin hits you.
* * * LOW HITPOINT WARNING * * *
You hit the kobold but do no damage. The kobold closely misses you.
The goblin hits you but does no damage.
Casting: Summon Small Mammal (safe; 5% risk of failure)
Confirm with . or Enter, or press ? or * to list all spells.
The kobold hits you with a short sword.
You die...

###### #######
#..†s#
#.....###.##g#
#.....##..##@#
#.....##...Kb#
#..(......####
#.....#...#
#.....).K.#
#.......#.#
##......#.>.
#......##...
#....### ...#


You could see a giant cockroach, a goblin, a kobold and a friendly bat.

Vanquished Creatures
  A ball python (D:1)
  A bat (D:1)
2 creatures vanquished.

Vanquished Creatures (collateral kills)
  2 goblins (D:1)
2 creatures vanquished.

Grand Total: 4 creatures vanquished

Notes
Turn   | Place    | Note
-------+----------+-------------------------------------------
     0 | D:1      | Amnesiac the Mummy Summoner began the quest for the Orb.
     0 | D:1      | Reached XP level 1. HP: 13/13 MP: 4/4
    53 | D:1      | Slain by a kobold

Vault maps used:
D:1:      ncdulo_lavacross, serial_bayou_crossing

Skill      XL: |  1 |
---------------+----+-----
Spellcasting   | 3 |  3.1
Dodging        | |  1.5
Stealth        | |  1.5
Summonings     | |  3.2

Action                   || total
-------------------------++-------
Melee: Unarmed           ||    10
 Cast: Summon Small Mamm ||     8
Armor: Robe              ||     9
Dodge: Dodged            ||    30

Table legend:
 A = Non-vault XP
 B = Vault XP
 C = Vault XP percentage of total XP
 D = Non-vault monster count
 E = Vault monster count
 F = Vault count percentage of total count
 G = Total turns spent on level
                 A         B        C        D         E       F
            +---------+---------+-------+---------+---------+-------
      Total |       5 |       0 |   0.0 |       4 |       0 |   0.0
            +---------+---------+-------+---------+---------+-------
        D:1 |       5 |       0 |   0.0 |       4 |       0 |   0.0
            +---------+---------+-------+---------+---------+-------
